[Event "*** SCC Grand Prix: Titled Tuesday Blitz"]
[Site "Chess.com"]
[Date "2020.07.14"]
[Round "2"]
[White "GelmanAlexander"]
[Black "FairChess_on_YouTube"]
[Result "0-1"]
[WhiteElo "2571"]
[BlackElo "2992"]
[TimeControl "180+1"]
[EndTime "10:18:59 PDT"]
[Termination "FairChess_on_YouTube won by checkmate"]

1. c4 Nf6 2. Nf3 e6 3. d3 d5 4. Nbd2 Nc6 5. a3 a5 6. e3 e5 7.
cxd5 Qxd5 8. b3 Be7 9. Bb2 O-O 10.
Qc2 Bg4 11. Be2 Rfd8 12. O-O Nd7 13. h3 Bh5 14. Ne4 Bg6 15. Rfd1 Kh8 16. Rac1 f6 17. Nh4 Bf7 18. Nd2 Nc5 19. Nc4 a4 20. b4 Nb3 21.
Rb1 Rac8 22. Nf5 Bf8 23. Bf3 Qd7 24. Be4 Bg6 25. g4 Ne7 26. d4 Nxf5 27. gxf5 Bh5 28.
Rd3 exd4 29. Bxd4 Qb5 30. Bb2 Bf7 31. Na5 Nxa5 32. bxa5 Qxa5 33. Bc3 Qc5 34. Rxb7 Qxa3 35. Rxd8 Rxd8 36. Rxc7 Qb3 37. Qe2 a3 38. Bc2 Qa2 39. Ra7 Qc4 40. Qxc4 Bxc4 41. Kg2 a2 42. Be4 h6 43. Bd4 Kg8 44. Ra4 Bf7 45. Ra7 Re8 46. Bd3 Bd5+ 47. f3 Kh8 48. Ra5 Bf7 49. Ra7 Bg8 50.
Kg3 Bd5 51. e4 Bg8 52. Ba1 Rd8 53. Bb5 Rd1 54. Ra8 Rxa1 55. Rxf8 Rc1 56. Bd7 a1=Q 57. Be6 Qe5+ 58. Kg4 Rg1+ 59. Kh5 Rg5+ 60. Kh4 Qf4# 0-1

[Event "*** SCC Grand Prix: Titled Tuesday Blitz"]
[Site "Chess.com"]
[Date "2020.07.14"]
[Round "2"]
[White "Fandorine"]
[Black "Borsuk_Konstantin"]
[Result "1-0"]
[WhiteElo "2955"]
[BlackElo "2561"]
[TimeControl "180+1"]
[EndTime "10:18:59 PDT"]
[Termination "Fandorine won on time"]

1. e4 e6 2. d4 d5 3. Nc3 Bb4 4. e5 b6 5. a3 Bf8 6. f4 Ba6 7. Bxa6 Nxa6 8. Nf3 Ne7 9. O-O Nb8 10. Ne2 c5 11. c3 Nbc6 12. g4 h5 13. h3 Qd7 14.
Kg2 c4 15. Ng3 hxg4 16. hxg4 f5 17. Rh1 Rxh1 18. Qxh1 fxg4 19. Qh5+ g6 20. Qxg4 O-O-O 21. Be3 Nf5 22. Bf2 Nce7 23. Ng5 Nxg3 24. Bxg3 Nf5 25. Bf2 Bh6 26. Rh1 Bxg5 27. Qxg5 Qf7 28. Qf6 Qxf6 29. exf6 Rf8 30. Rh7 Kb8 31. f7 Kc7 32. Kf3 Kd7 33. Kg4 Nd6 34. Rg7 Rxf7 35. Rxg6 Nf5 36. Kf3 Rh7 37.
Kg2 Rg7 38. Rg5 Kc6 39. Kf3 Rh7 40. Kg2 Kb5 41. Rg6 Re7 42. Kf3 Ka4 43. Kg4 Kb3 44. Kg5 Kxb2 45. Kf6 Re8 46. Kf7 Nd6+ 47. Kf6 Kxc3 48.
Ke5 Ne4 49. Be1+ Kd3 50. Rxe6 Rh8 51. f5 Ke2 52. Bb4 a5 53. Be7 c3 54. Kxd5 Kd3 55.
Rxe4 c2 56. Bg5 Rg8 57. Re3+ 1-0

[Event "*** SCC Grand Prix: Titled Tuesday Blitz"]
[Site "Chess.com"]
[Date "2020.07.14"]
[Round "2"]
[White "queen_iryna"]
[Black "sorito"]
[Result "0-1"]
[WhiteElo "2240"]
[BlackElo "2448"]
[TimeControl "180+1"]
[EndTime "10:18:59 PDT"]
[Termination "sorito won by checkmate"]

1. d4 c6 2. e4 d6 3. Nc3 Nd7 4. Nf3 e5 5. a4 a5 6. Bc4 Be7 7.
O-O Ngf6 8. Re1 O-O 9. h3 h6 10. Be3 Re8 11. d5 Nb6 12. Bb3 cxd5 13. Nxd5 Nbxd5 14.
Bxd5 Nxd5 15. Qxd5 Qc7 16. Qd3 b6 17. b3 Bb7 18. c4 Rf8 19. Nd2 Rab8 20. Rad1 Qc6 21. f3 Ba8 22. Nb1 Qc8 23. Nc3 f5 24. Nd5 Bd8 25.
Bf2 f4 26. Nc3 Rf6 27. Nb5 Be7 28. Kh2 g5 29. Nc3 Rg6 30. Nd5 Bd8 31. Rd2 Bc6 32. Red1 h5 33. Qe2 Bd7 34. Nc3 Be7 35. Nb5 Qf8 36.
Kg1 g4 37. hxg4 hxg4 38. Kf1 gxf3 39. gxf3 Qh6 40. Bg1 Bh3+ 41. Kf2 Rg2+ 42. Ke1 Rxe2+ 43. Kxe2 Qg6 44. Bf2 Kf7 45. Rg1 Qh5 46. Nxd6+ Bxd6 47.
Rxd6 Ke7 48. Rdg6 Be6 49. R1g5 Qh3 50. Rg7+ Bf7 51. Rf5 Rf8 52. Rxe5+ Kf6 53. Rgg5 Rd8 54. Ref5+ Ke7 55. Re5+ Kf8 56. Bxb6 Qh2+ 57. Bf2 Rd2+ 58. Kxd2 Qxf2+ 59. Kc3 Qxf3+ 60. Kd4 Qe3# 0-1

[Event "*** SCC Grand Prix: Titled Tuesday Blitz"]
[Site "Chess.com"]
[Date "2020.07.14"]
[Round "2"]
[White "Nikithebest"]
[Black "LiviuDieterNisipeanu"]
[Result "1/2-1/2"]
[WhiteElo "2482"]
[BlackElo "2707"]
[TimeControl "180+1"]
[EndTime "10:19:00 PDT"]
[Termination "Game drawn by repetition"]

1. e4 e5 2. Nf3 Nc6 3. Nc3 Nf6 4.
d4 exd4 5. Nxd4 Bc5 6. Be3 Bb6 7. Qd2 O-O 8. O-O-O Re8 9. f3 Nxd4 10. Bxd4 d6 11. g4 Be6 12. h4 Nd7 13. g5 Ne5 14. Be2 Nc6 15. Bxb6 axb6 16. a3 Na5 17. h5 Nc4 18. Bxc4 Bxc4 19. h6 b5 20. Qd4 Qxg5+ 21. Kb1 Qe5 22. Qd2 g6 23. f4 Qf6 24. f5 b4 25.
axb4 Ra6 26. b3 Rea8 27. bxc4 Ra1+ 28. Kb2 R8a2+ 29. Kb3 Ra3+ 30. Kb2 Rxc3 31. Qxc3 Ra2+ 32. Kxa2 Qxc3 33. fxg6 Qxc2+ 34. Ka1 Qc3+ 35. Ka2 Qxc4+ 36. Ka3 Qc3+ 37. Ka4 hxg6 38. h7+ Kh8 39. Rc1 Qf3 40. Rce1 Qd3 41. b5 Qc4+ 42. Ka5 Qc3+ 43. Ka4 Qc4+ 44. Ka5 c6 45. bxc6 bxc6 46. Kb6 Qb5+ 47. Kc7 d5 48. exd5 Qa5+ 49. Kd6 Qxd5+ 50. Kc7 Qa5+ 51. Kxc6 Qa4+ 52.
Kd5 Qb3+ 53. Kd6 Qb4+ 54. Kd7 Qb7+ 55. Ke8 Qc8+ 56. Ke7 Qc7+ 57. Ke8 Qc8+ 58. Kxf7 Qf5+ 59. Ke7 Qc5+ 60. Kf6 Qf5+ 61. Ke7 Qc5+ 62. Kf7 Qf5+ 63. Ke7 1/2-1/2

[Event "*** SCC Grand Prix: Titled Tuesday Blitz"]
[Site "Chess.com"]
[Date "2020.07.14"]
[Round "2"]
[White "Volodar_Murzin"]
[Black "Malysch"]
[Result "1-0"]
[WhiteElo "2709"]
[BlackElo "2470"]
[TimeControl "180+1"]
[EndTime "10:19:00 PDT"]
[Termination "Volodar_Murzin won on time"]

1. e4 c5 2. Nf3 d6 3. Bb5+ Bd7 4. Bxd7+ Qxd7 5. O-O g6 6. c3 Bg7 7. d4 cxd4 8. cxd4 Nf6 9. Nc3 O-O 10. h3 d5 11.
e5 Ne4 12. Ne2 f6 13. exf6 Bxf6 14. Bh6 Rf7 15. Rc1 Nc6 16. Be3 Raf8 17. Qd3 Bg7 18. Nd2 Nd6 19. f4 Qe6 20. Bf2 Nf5 21.
Rfe1 Qf6 22. Nf3 Nd6 23. Ng5 h6 24. Nxf7 Rxf7 25. Be3 Nf5 26. Bf2 Nd6 27. a3 Ne4 28. Be3 e6 29. Nc3 Nd6 30. Ne2 Ne4 31. b4 Ne7 32. Rc7 Nf5 33. Rxf7 Qxf7 34. Rc1 Qe7 35.
g4 Nh4 36. Bf2 g5 37. Bxh4 gxh4 38. Qf3 Qf6 39. f5 Ng5 40. Qe3 exf5 41. Nf4 fxg4 42. Nxd5 Qxd4 43. Qxd4 Bxd4+ 44. Kg2 Nxh3 45. Rc4 Bg7 46.
Rxg4 Ng5 47. Rxh4 Be5 48. Rxh6 Kg7 49. Rh1 Ne6 50. Rd1 Kf7 51. Kf3 Bd6 52. Ke4 Bb8 53. Ne3 Ke7 54. Nf5+ Ke8 55. Nd6+ Ke7 56. Nxb7 Ng5+ 57.
Ke3 1-0

[Event "*** SCC Grand Prix: Titled Tuesday Blitz"]
[Site "Chess.com"]
[Date "2020.07.14"]
[Round "2"]
[White "MisiekZielony"]
[Black "JSMastropiero"]
[Result "1-0"]
[WhiteElo "2213"]
[BlackElo "2411"]
[TimeControl "180+1"]
[EndTime "10:19:00 PDT"]
[Termination "MisiekZielony won by checkmate"]

1. c4 Nf6 2. Nc3 e5 3. Nf3 Nc6 4. e3 Be7 5. d4 exd4 6. Nxd4 O-O 7. Be2 Ne5 8. Nf5 Bb4 9. Qc2 d6 10. Bd2 Re8 11. O-O Be6 12. b3 Qd7 13. Nd4 Bg4 14. Bxg4 Qxg4 15. Qf5 Qxf5 16. Nxf5 g6 17. Nd4 c6 18. Rfd1 Rad8 19. Nc2 Ba5 20. Nd5 Nxd5 21. Bxa5 Nb6 22. Rd2 Kf8 23. Rad1 Ke7 24. Nd4 f5 25. Ne2 Nf7 26. Nf4 Rc8 27. Bb4 Red8 28. h4 Rd7 29. f3 Rcd8 30. Ba5 Re8 31. Kf2 Ne5 32. g3 Rg8 33. Bc3 Nf7 34. Nh3 h6 35. Nf4 g5 36.
hxg5 hxg5 37. Nh5 Rg6 38. g4 fxg4 39. fxg4 Nc8 40. Kg3 Ne5 41. Bxe5 Rd8 42. Bc3 Rf8 43.
Rf2 Re6 44. Rxf8 Kxf8 45. Rf1+ Ke7 46. Rf3 d5 47. Bf6+ Kd7 48. cxd5 cxd5 49. Bxg5 Nd6 50. Bf4 Ne4+ 51. Kg2 Rc6 52. Rf1 Rc2+ 53. Kh3 Rxa2 54.
Ng3 Nf2+ 55. Kh4 Nd3 56. Nf5 Rb2 57. Nd4 a5 58. Kg5 b6 59. Kf5 Nc5 60. Rh1 Nxb3 61. Rh7+ Kc8 62. Nc6 Nc5 63. Rc7# 1-0

[Event "*** SCC Grand Prix: Titled Tuesday Blitz"]
[Site "Chess.com"]
[Date "2020.07.14"]
[Round "2"]
[White "mirochka"]
[Black "MIJUAREZ"]
[Result "1-0"]
[WhiteElo "2162"]
[BlackElo "2393"]
[TimeControl "180+1"]
[EndTime "10:19:00 PDT"]
[Termination "mirochka won on time"]

1. e4 e6 2. Nf3 d5 3. e5 c5 4. b4 b6 5. a3 Ne7 6. c3 Nf5 7.
d4 Nc6 8. Bb5 Bd7 9. Qa4 Qc7 10.
Be3 Be7 11. Nbd2 O-O 12. O-O a6 13. Bxc6 Bxc6 14. Qb3 Bb5 15. Rfc1 Nxe3 16. fxe3 Rfc8 17. a4 Bd3 18. bxc5 bxc5 19. c4 dxc4 20. Nxc4 Be4 21.
Nb6 Rab8 22. a5 Qb7 23. Qd1 Rd8 24. Qf1 Bxf3 25. Qxf3 Qxf3 26. gxf3 cxd4 27. e4 Bg5 28. Rc6 d3 29. Kf1 Bf4 30. h3 Bxe5 31. Rd1 h6 32.
Nc4 Bc3 33. Rxa6 Rd4 34. Nb6 Rbd8 35. Ra7 Rb4 36. Kf2 Rb2+ 37. Ke3 Bd4+ 38. Kf4 Bxb6 39. axb6 Rxb6 40. Ke3 Rb3 41. Rd2 Rb1 42. Rc7 Rh1 43. h4 Rxh4 44. Rxd3 Rxd3+ 45. Kxd3 Rh3 46. Ke3 h5 47. Kf4 h4 48. Kg4 Rh1 49. f4 g6 50.
f5 exf5+ 51. exf5 Kg7 52. fxg6 Kxg6 53. Rc6+ f6 54. Kf3 Kg5 55. Kg2 Rd1 56. Rc3 Rd4 57. Rb3 f5 58. Ra3 Rg4+ 59. Kh2 Rd4 60. Kg2 Rc4 61.
Kf2 Rc2+ 62. Kg1 Rc4 63. Rb3 1-0

[Event "*** SCC Grand Prix: Titled Tuesday Blitz"]
[Site "Chess.com"]
[Date "2020.07.14"]
[Round "2"]
[White "tamarozi99"]
[Black "kobemagic"]
[Result "1/2-1/2"]
[WhiteElo "2007"]
[BlackElo "2347"]
[TimeControl "180+1"]
[EndTime "10:19:00 PDT"]
[Termination "Game drawn - insufficient material"]

1. e4 Nf6 2. e5 Nd5 3. d4 d6 4. c4 Nb6 5. exd6 exd6 6. Nc3 Nc6 7. Be3 Be7 8. b3 O-O 9. Be2 Bg5 10. f4 Re8 11.
Qd2 Bf6 12. Nf3 Bg4 13. O-O Bxf3 14. Bxf3 Rxe3 15. Bxc6 Rxc3 16. Bxb7 c5 17. Bxa8 Bxd4+ 18. Kh1 Nxa8 19. Rac1 Rxc1 20. Qxc1 Nc7 21. Qa3 a6 22. Qa5 g6 23. Qb6 Kg7 24. h3 Qe7 25. Qb7 Qd8 26. Qc6 Ne8 27. Qxa6 Nf6 28. Qc6 Nh5 29. Qf3 Qh4 30.
Kh2 Nxf4 31. Qg3 Qxg3+ 32. Kxg3 Ne6 33. a3 Bb2 34. a4 Bc3 35. Rc1 Ba5 36. Rd1 Nd4 37.
Rd3 f5 38. Kf4 Kf6 39. g4 g5+ 40. Kg3 f4+ 41. Kf2 Ke5 42. h4 h6 43. hxg5 hxg5 44. Kg2 Ke4 45. Rh3 Nxb3 46. Rxb3 Kd4 47. Rb5 Bc7 48. Rb7 Ba5 49. Ra7 Bd2 50. Rd7 Kxc4 51. Rxd6 Be3 52. a5 Kb5 53. a6 c4 54. Rg6 c3 55.
Rxg5+ Kxa6 56. Rh5 c2 57. Rh1 c1=Q 58. Rxc1 Bxc1 59.
g5 Kb5 60. g6 Bb2 61. Kf3 Kc4 62. g7 Bxg7 63. Kxf4 1/2-1/2

[Event "*** SCC Grand Prix: Titled Tuesday Blitz"]
[Site "Chess.com"]
[Date "2020.07.14"]
[Round "2"]
[White "TST2014"]
[Black "MITerryble"]
[Result "0-1"]
[WhiteElo "2508"]
[BlackElo "2808"]
[TimeControl "180+1"]
[EndTime "10:19:01 PDT"]
[Termination "MITerryble won on time"]

1. d4 e6 2. c4 Bb4+ 3. Bd2 Qe7 4. a3 Bxd2+ 5. Qxd2 Nf6 6. Nc3 d6 7. e4 e5 8. d5 a5 9. b3 Na6 10. Rb1 O-O 11. Bd3 c6 12. Nge2 Bd7 13. f3 cxd5 14.
exd5 Nc5 15. O-O Rfe8 16. Ng3 h5 17. Bc2 h4 18. Nf5 Bxf5 19. Bxf5 g6 20. Bh3 Nh5 21. b4 axb4 22. axb4 Na6 23. Bg4 Ng7 24. Qh6 f5 25.
Qxg6 Rf8 26. Bh3 Rac8 27. Nb5 Rf6 28. Qg5 Rxc4 29. Bxf5 Rf4 30. Bg6 Qd8 31. Qh6 Rxg6 32. Qxg6 Qb6+ 33. Kh1 Qxb5 34. Rfc1 Rf8 35. Qg4 Qxd5 36.
Qxh4 Qe6 37. Rc4 Qf6 38. Qh3 Qf5 39. Qxf5 Nxf5 40. Rd1 Ne3 41. Rdc1 Nxc4 42. Rxc4 Kf7 43. g3 d5 44. Rg4 Ke6 45. Kg2 d4 46. Rg6+ Kd5 47.
Rb6 d3 48. Kf2 Kc4 49. Rxb7 Rd8 50. Ke1 Nxb4 51. Kd2 Nc6 52. Rc7 Kb5 53. Rb7+ Kc5 54. Rc7 Kb6 55. Rf7 Na5 56. Rf6+ Kc5 57. Rf5 Nc4+ 58.
Kd1 Ne3+ 0-1

[Event "*** SCC Grand Prix: Titled Tuesday Blitz"]
[Site "Chess.com"]
[Date "2020.07.14"]
[Round "2"]
[White "gixfantastix"]
[Black "jaskol95"]
[Result "0-1"]
[WhiteElo "2112"]
[BlackElo "2397"]
[TimeControl "180+1"]
[EndTime "10:19:01 PDT"]
[Termination "jaskol95 won by checkmate"]

1. d4 Nf6 2. Nc3 d5 3. e4 dxe4 4. f3 exf3 5. Nxf3 Bg4 6. Bc4 e6 7. O-O c6 8. Ne2 Bxf3 9. Rxf3 Nbd7 10. c3 Be7 11. Qe1 c5 12. Qg3 cxd4 13. Nxd4 O-O 14.
Bg5 Nh5 15. Bxe7 Qxe7 16. Qh3 Nhf6 17. Raf1 Ne5 18. Rxf6 gxf6 19. Bb3 f5 20. Re1 Qf6 21. Qh5 Ng6 22. Nf3 Nf4 23. Qg5+ Qxg5 24. Nxg5 Rad8 25. g3 Nd3 26. Re2 h6 27. Nf3 Nc5 28. Bc2 Rd6 29. Ne5 Rfd8 30. Nf3 Nd3 31. Bb3 Nc1 32. Rf2 Nxb3 33.
axb3 Kg7 34. Kg2 Kf6 35. Nd4 Rxd4 36. cxd4 Rxd4 37. Rc2 Rb4 38. Rc3 e5 39. Kf3 Ke6 40. Ke3 a5 41. Kd2 Kd5 42. Kc2 Re4 43. Rc7 Re2+ 44.
Kc3 b5 45. Rxf7 b4+ 46. Kd3 Rxb2 47. Rxf5 Rxb3+ 48. Kc2 Rc3+ 49. Kb2 a4 50. Rh5 a3+ 51. Ka2 Kc4 52. Rh4+ Kb5 53. Rxh6 Rc2+ 54. Kb1 Rg2 55. Rh5 b3 56. Rxe5+ Kb4 57. Re4+ Kc3 58. Re3+ Kc4 59. Re4+ Kd3 60. Rb4 Rg1# 0-1

[Event "*** SCC Grand Prix: Titled Tuesday Blitz"]
[Site "Chess.com"]
[Date "2020.07.14"]
[Round "2"]
[White "GustavoJuarezF"]
[Black "malandragem"]
[Result "0-1"]
[WhiteElo "1994"]
[BlackElo "2354"]
[TimeControl "180+1"]
[EndTime "10:19:01 PDT"]
[Termination "malandragem won on time"]

1. e4 c5 2. Nf3 d6 3. d4 cxd4 4. Nxd4 Nf6 5. f3 g6 6. c4 Bg7 7. Nc3 O-O 8. Be3 Nc6 9. Qd2 Bd7 10. Be2 a5 11. O-O Nxd4 12. Bxd4 Bc6 13. Rfd1 Nd7 14.
Be3 a4 15. b4 axb3 16. axb3 Nc5 17. Qc2 Na6 18. Bd4 Nb4 19. Rxa8 Qxa8 20. Qd2 Qa3 21. Bxg7 Kxg7 22. Rb1 Ra8 23. Bd1 Qa7+ 24. Kh1 Qc5 25. h3 h5 26. f4 b5 27. Be2 bxc4 28. bxc4 Ra3 29. Nd5 Bxd5 30. Qb2+ f6 31. Qxa3 Bxe4 32. Qxb4 Qe3 33. Bf1 Bxb1 34. Qxb1 Qxf4 35. Kg1 Qd4+ 36. Kh1 h4 37. Qe1 e5 38. Qe2 f5 39.
Qa2 g5 40. Kh2 g4 41. hxg4 fxg4 42. g3 Kh6 43. Qe2 Kh5 44. Bh3 hxg3+ 45. Kxg3 Qf4+ 46.
Kg2 e4 47. Qd1 Kg5 48. Qd5+ Kh4 49. Bxg4 Qxg4+ 50. Kf2 Qf3+ 51. Ke1 Qe3+ 52. Kd1 Qf3+ 53. Kd2 Qf4+ 54. Ke2 e3 55. Qh1+ Kg5 56. Qg2+ Kf6 57. Qd5 Qf2+ 58. Kd1 e2+ 59. Kc2 e1=Q+ 60. Kb3 Qb1+ 61.
Ka4 Qa7+ 0-1

[Event "*** SCC Grand Prix: Titled Tuesday Blitz"]
[Site "Chess.com"]
[Date "2020.07.14"]
[Round "2"]
[White "Godzillator"]
[Black "deep306"]
[Result "0-1"]
[WhiteElo "2317"]
[BlackElo "2614"]
[TimeControl "180+1"]
[EndTime "10:19:02 PDT"]
[Termination "deep306 won by resignation"]

1. d4 d5 2. c4 e6 3. cxd5 exd5 4.
Nc3 c6 5. Qc2 Bd6 6. Nf3 Ne7 7.
Bg5 f6 8. Bh4 Bf5 9. Qd2 Ng6 10.
Bg3 Na6 11. e3 Nc7 12. Bd3 Bxd3 13. Qxd3 O-O 14. O-O Qe7 15. Rfc1 f5 16. Bxd6 Qxd6 17. g3 Rae8 18. Rab1 a5 19. a3 Ne6 20. b4 axb4 21.
axb4 b5 22. Ne2 Rf6 23. Rc2 Ra8 24. Rbc1 Nd8 25. Nf4 Qxb4 26. Nxg6 hxg6 27. Ne5 Ra6 28. f4 Qe7 29. Qb3 Re6 30. Rc5 Kh7 31. Qc2 Qb7 32. Qg2 Kg8 33. g4 Nf7 34. gxf5 gxf5 35. Qh3 Nxe5 36.
fxe5 Qf7 37. Rf1 Ra2 38. Kh1 Rg6 39. Rcc1 Rh6 40. Qg3 Rhxh2+ 41. Qxh2 Rxh2+ 42. Kxh2 Qh5+ 43. Kg2 Qg5+ 44. Kf2 f4 45. Rg1 fxe3+ 46. Ke2 Qf4 47. Rcd1 Qf2+ 48. Kd3 e2 49. Rde1 Qf3+ 50. Kd2 Qf4+ 51.
Kxe2 Qxd4 52. Kf3 Qd3+ 53. Re3 Qf5+ 54. Ke2 d4 55. Rd3 Qxe5+ 56. Kd2 c5 57. Re1 Qf4+ 58.
Kd1 c4 59. Rh3 Qg4+ 0-1

[Event "*** SCC Grand Prix: Titled Tuesday Blitz"]
[Site "Chess.com"]
[Date "2020.07.14"]
[Round "2"]
[White "ChessBitl"]
[Black "AlexSuv"]
[Result "1/2-1/2"]
[WhiteElo "2315"]
[BlackElo "2571"]
[TimeControl "180+1"]
[EndTime "10:19:02 PDT"]
[Termination "Game drawn by agreement"]

1. e4 c5 2. Nf3 e6 3. c4 Nc6 4. Nc3 Nf6 5. Be2 Bd6 6. O-O O-O 7. d4 cxd4 8. Nxd4 Bb4 9. Nxc6 dxc6 10. Qc2 e5 11.
Bg5 h6 12. Bh4 Be7 13. Rad1 Qc7 14. Bg3 Be6 15. f3 Rfd8 16. Bf2 Nd7 17. a3 a5 18. Na4 Rab8 19. Rd2 Nf8 20. Rxd8 Bxd8 21. Rd1 Qe7 22. Qc3 Qf6 23. Nc5 h5 24. b4 axb4 25. axb4 h4 26. Be3 h3 27. g3 Bc7 28. b5 g6 29. Qd2 Rd8 30. Qc2 Rxd1+ 31. Qxd1 Bb6 32.
Qd2 Bxc5 33. Bxc5 Nd7 34. Be3 Qd8 35. Qd6 Qa5 36. Qd2 Qa1+ 37. Qc1 Qxc1+ 38. Bxc1 cxb5 39. cxb5 Nb6 40. Be3 Bc4 41. Bxb6 Bxe2 42. Bc7 Bxf3 43. Bxe5 Bxe4 44. Kf2 Bg2 45. Ke3 Kf8 46. Bf6 Ke8 47.
Kd4 Kd7 48. Kc5 Ke6 49. Bd4 Kf5 50. Kb4 Kg4 51. Kc3 Kf3 52. Kd2 Bh1 53. Be5 f5 54.
Ke1 Bg2 55. b6 g5 56. Bd6 g4 57. Bf4 Bh1 58. Be5 Kg2 59. Bf4 Kxh2 60. Kf2 Bg2 61. Be5 Bf3 62. Bf4 Be4 63. Be5 Kh1 64.
Bf4 h2 65. Be5 Bf3 66. Bf4 Be4 1/2-1/2

[Event "*** SCC Grand Prix: Titled Tuesday Blitz"]
[Site "Chess.com"]
[Date "2020.07.14"]
[Round "2"]
[White "mortngabriel"]
[Black "Mischuk_D"]
[Result "0-1"]
[WhiteElo "2374"]
[BlackElo "2638"]
[TimeControl "180+1"]
[EndTime "10:19:03 PDT"]
[Termination "Mischuk_D won on time"]

1. Nf3 d5 2. e3 Nf6 3. c4 e6 4. Nc3 c5 5. cxd5 exd5 6. d4 Nc6 7. Bb5 cxd4 8. Nxd4 Bd7 9. O-O Bd6 10. Nf3 Be6 11.
b3 O-O 12. Bb2 Rc8 13. Rc1 a6 14. Be2 Qe7 15. Na4 Ne4 16. Nd4 Qh4 17. g3 Qh6 18.
Nxc6 Rxc6 19. Rxc6 bxc6 20. Nc3 Bh3 21. Re1 Be5 22.
Nxe4 Bxb2 23. Qc2 Be5 24. Nc5 a5 25. Nd3 Bc7 26. Rc1 Bd7 27. Nc5 Be8 28. a4 Bb6 29.
Nd3 Qf6 30. b4 g6 31. bxa5 Bxa5 32. Qc5 Qd8 33. Nb4 Bb6 34. Nxc6 Bxc6 35. Qxc6 d4 36. exd4 Qxd4 37. Qf3 Qxa4 38. Bc4 Qd7 39. Rd1 Qe7 40. Kg2 Rc8 41. Qd5 Rc5 42. Qd3 Qf6 43. f4 Qc6+ 44. Bd5 Qc7 45. Rd2 Rc3 46. Qe4 Re3 47. Qc4 Qe7 48.
h4 h5 49. Bf3 Qa3 50. Re2 Rxf3 51. Qc8+ Kg7 52. Qb7 Rxg3+ 53. Kf1 Qf3+ 54. Ke1 Qxb7 55. Kd2 Qd5+ 0-1

[Event "*** SCC Grand Prix: Titled Tuesday Blitz"]
[Site "Chess.com"]
[Date "2020.07.14"]
[Round "2"]
[White "Miss_JJ20"]
[Black "Barmen_EV"]
[Result "1-0"]
[WhiteElo "2261"]
[BlackElo "2430"]
[TimeControl "180+1"]
[EndTime "10:19:03 PDT"]
[Termination "Miss_JJ20 won by checkmate"]

1. d4 d5 2. c4 e6 3. Nf3 Nf6 4. g3 dxc4 5. Bg2 Nc6 6. Qa4 Bb4+ 7. Bd2 Nd5 8. Bxb4 Nxb4 9. Ne5 O-O 10. Nxc6 Nxc6 11. Bxc6 bxc6 12. Qxc4 a5 13. Nc3 Ba6 14.
Qc5 Rb8 15. b3 Rb4 16. Rd1 Bb5 17. O-O Qd6 18. Rfe1 a4 19. Ne4 Qxc5 20. Nxc5 axb3 21. axb3 Rd8 22. e3 h6 23. f4 g5 24. Kf2 Kf8 25.
Ra1 Ke7 26. Ra7 Rc8 27. Rc1 f6 28. Rc3 h5 29. h4 gxh4 30. gxh4 e5 31. dxe5 fxe5 32.
Kf3 exf4 33. exf4 Rf8 34. Rxc7+ Kd8 35. Ne6+ Ke8 36. Nxf8 Kxf8 37. Re3 Bf1 38. Rxc6 Bh3 39. Rc5 Bg4+ 40. Kg3 Kf7 41. Rc7+ Kf6 42. Rec3 Rd4 43.
R7c4 Kf5 44. Rxd4 Be2 45. Rc5+ Ke6 46. Re4+ Kd6 47. Rxe2 Kxc5 48. Re5+ Kb4 49. Rxh5 Kxb3 50. Re5 Kc4 51. h5 Kd4 52. h6 Kd3 53. h7 Kd4 54.
h8=Q Kd3 55. Qd8+ Kc4 56. Re7 Kb5 57. Rc7 Ka6 58. Qb8 Ka5 59. Ra7# 1-0

[Event "*** SCC Grand Prix: Titled Tuesday Blitz"]
[Site "Chess.com"]
[Date "2020.07.14"]
[Round "2"]
[White "viktorskliarov"]
[Black "SergeyKarjakin"]
[Result "0-1"]
[WhiteElo "2567"]
[BlackElo "2971"]
[TimeControl "180+1"]
[EndTime "10:19:04 PDT"]
[Termination "SergeyKarjakin won by resignation"]

1. e4 c5 2. Nf3 d6 3. d4 cxd4 4. Qxd4 Nf6 5. Nc3 Nc6 6. Bb5 Bd7 7. Bxc6 Bxc6 8. Bg5 e6 9. O-O-O Be7 10. Rhe1 O-O 11.
Kb1 Re8 12. e5 dxe5 13. Qh4 Qc7 14. Nxe5 Rad8 15. Rxd8 Rxd8 16. Ng4 Nxg4 17. Bxe7 Rd4 18. f3 Rd7 19. Bg5 Ne5 20. Qg3 Ng6 21. Qxc7 Rxc7 22. Rd1 f6 23. Be3 b6 24. a4 Nh4 25.
Rd2 e5 26. Nb5 Bxb5 27. axb5 Kf7 28. b3 Ke6 29. c4 Rd7 30. Ra2 g5 31. b4 Rd3 32. Bd2 Nxg2 33. Bxg5 Rb3+ 34. Kc2 Rxf3 35. Bd2 e4 36. Rxa7 e3 37. Bc3 e2 38. Bd2 Rf2 39. Kd3 e1=Q 40. Bxe1 Nxe1+ 41. Ke3 Rxh2 42. c5 Nc2+ 43. Ke4 Rh4+ 44. Kf3 Rxb4 45. cxb6 Rxb5 46. Rxh7 Rxb6 47. Rc7 Nd4+ 48. Kf2 Nf5 49. Rc1 Nd6 50. Kf1 Kf5 51. Re1 Ne4 52. Kg2 Kf4 53. Rf1+ Ke5 54. Rf3 Rb2+ 55. Kh1 Rb1+ 56. Kg2 Rd1 57. Ra3 Rd2+ 58.
Kh1 Kf4 59. Rb3 f5 60. Ra3 Kg4 61. Rb3 f4 62. Rb4 Kg3 63. Rb3+ f3 64. Rb1 Rh2+ 65. Kg1 0-1

[Event "*** SCC Grand Prix: Titled Tuesday Blitz"]
[Site "Chess.com"]
[Date "2020.07.14"]
[Round "2"]
[White "chessfrendz"]
[Black "Bodnar_Mykola"]
[Result "0-1"]
[WhiteElo "2270"]
[BlackElo "2483"]
[TimeControl "180+1"]
[EndTime "10:19:04 PDT"]
[Termination "Bodnar_Mykola won by resignation"]

1. d4 Nf6 2. Nf3 b6 3. g3 e6 4.
Bg2 Bb7 5. O-O Be7 6. c4 O-O 7. Nc3 Ne4 8. Qc2 f5 9. Nxe4 Bxe4 10. Qb3 c5 11. dxc5 bxc5 12. Rd1 Nc6 13. Be3 Qc7 14.
Ne1 Bxg2 15. Nxg2 Nd4 16. Qd3 Bf6 17. Rab1 a5 18. Ne1 g6 19. Nc2 e5 20. Nxd4 cxd4 21. Bh6 e4 22. Qc2 Rfc8 23. Rbc1 d5 24. c5 Qc6 25.
Bf4 g5 26. Bd6 Ra6 27. Qb3 Kg7 28. a3 Ra7 29. Qb6 Rb7 30. Qxc6 Rxc6 31. Rc2 Kf7 32. Rb1 Rb3 33. Rd1 Ke6 34. Kf1 Be5 35. Bxe5 Kxe5 36.
Ke1 Rb5 37. Rdc1 a4 38. Kd2 f4 39. gxf4+ gxf4 40. Rg1 Rbxc5 41. Rg5+ Kf6 42. Rxc5 Rxc5 43. Rg4 Kf5 44. Rg7 Rb5 45. Kc2 Rc5+ 46. Kd2 h5 47. h4 Rb5 48. Kc2 Rb3 49. Rg5+ Ke6 50. Rxh5 Rh3 51. Rh6+ Kf5 52. Rh5+ Ke6 53. Rh6+ Ke5 54. Rh5+ Kd6 55. Rh6+ Kc5 56. Rh8 Rh2 57. h5 Rxf2 58. Kd1 f3 59. exf3 Rxf3 60. h6 Kc4 61. h7 Kd3 62.
Ke1 Rh3 63. Rd8 Rxh7 64. Rxd5 e3 65. Rf5 Rh1+ 66. Rf1 Rxf1+ 67. Kxf1 Kd2 0-1

[Event "*** SCC Grand Prix: Titled Tuesday Blitz"]
[Site "Chess.com"]
[Date "2020.07.14"]
[Round "2"]
[White "Klavdia_Nik"]
[Black "Omk124"]
[Result "0-1"]
[WhiteElo "2057"]
[BlackElo "2368"]
[TimeControl "180+1"]
[EndTime "10:19:04 PDT"]
[Termination "Omk124 won on time"]

1. Nf3 Nf6 2. c4 g6 3. b3 Bg7 4. Bb2 O-O 5. g3 c5 6. Bg2 d5 7. O-O d4 8. b4 Nc6 9. bxc5 e5 10.
d3 Nd7 11. Ba3 Re8 12. Nfd2 Qa5 13. Nb3 Qc7 14. N1d2 Nf8 15. Ne4 Rb8 16. Nd6 Rd8 17. Nxc8 Rbxc8 18. Nd2 Ne6 19. Ne4 Ne7 20. Nd6 Rb8 21. Rb1 Nc6 22. Qa4 Bf8 23. Nxb7 Rxb7 24. Rxb7 Qxb7 25. Bxc6 Qc7 26. Rb1 Nxc5 27. Bxc5 Bxc5 28.
Rb7 Qd6 29. Bd5 Rf8 30. Qc6 Qxc6 31. Bxc6 f6 32. f4 Kh8 33. Kf2 Rc8 34. Bd5 Re8 35. Rf7 Be7 36. Kf3 Bd8 37. fxe5 fxe5 38. Ke4 Bb6 39.
h4 Bc5 40. g4 Re7 41. g5 Re8 42. Rf6 Kg7 43. Re6 Rxe6 44. Bxe6 Bd6 45. Kd5 Bb8 46. c5 Kf8 47. c6 Ke7 48. Bd7 Bc7 49.
Be6 Bd6 50. Bg8 Bc7 51. Bxh7 Kf7 52. h5 gxh5 53. g6+ Kg7 54. Ke4 h4 55. Kf3 Bd8 56.
Kg4 Kh6 0-1

[Event "*** SCC Grand Prix: Titled Tuesday Blitz"]
[Site "Chess.com"]
[Date "2020.07.14"]
[Round "2"]
[White "FlamingPhoenix123"]
[Black "DenisQ"]
[Result "1/2-1/2"]
[WhiteElo "2421"]
[BlackElo "2646"]
[TimeControl "180+1"]
[EndTime "10:19:06 PDT"]
[Termination "Game drawn by agreement"]

1. e4 c6 2. d4 d5 3. Nc3 dxe4 4. Nxe4 Bf5 5. Ng3 Bg6 6. h4 h6 7. Nf3 Nf6 8. Ne5 Bh7 9. Bd3 Bxd3 10. Qxd3 e6 11.
Bd2 Nbd7 12. f4 Bd6 13. O-O-O O-O 14. Ne4 Nxe4 15. Qxe4 f5 16. Qe2 Nf6 17. Be3 Qa5 18. Kb1 Rad8 19. Bd2 Qd5 20. c3 c5 21. Bc1 Qe4+ 22.
Qxe4 Nxe4 23. Be3 Bxe5 24. dxe5 b5 25. Kc2 Rd5 26. Rxd5 exd5 27. Rd1 Rd8 28. a4 bxa4 29. Ra1 d4 30. Rd1 Rc8 31. Bg1 a3 32. cxd4 cxd4+ 33. Kb1 axb2 34. Bxd4 Rd8 35. Kxb2 Nc5 36. Kc2 Ne6 37.
Be3 Rxd1 38. Kxd1 Kf7 39. g3 a6 40. h5 Nc7 41. Kc2 Ne6 42. Kb3 g6 43. hxg6+ Kxg6 44. Kc4 Kf7 45. Kd5 Ke7 46. Kc6 h5 47. Kb6 Nf8 48.
Kxa6 Ng6 49. Kb5 h4 50. gxh4 Nxh4 51. Kc6 Ke6 52. Kc5 Ng2 53. Kd4 Nh4 54. Kd3 Ng6 55.
Ke2 Ne7 56. Kf3 Nd5 57. Bd4 Ne7 58. Ba1 Nd5 59. Bb2 Ne7 60. Bd4 Nd5 61. Ba1 Ne7 62.
Bd4 Nd5 63. Bc5 Nc3 1/2-1/2